 Dungeon Crawl Stone Soup version 0.28.0 (webtiles) character file.

Game seed: 9946063978029193498

611 Peloso the Slasher (level 7, -3/61 HPs)
             Began as a Minotaur Fighter on Feb 11, 2022.
             Slain by an ogre (21 damage)
             ... on level 5 of the Dungeon.
             The game lasted 00:07:49 (4779 turns).

Peloso the Slasher (Minotaur Fighter)               Turns: 4779, Time: 00:07:50

Health: -3/61      AC: 10    Str: 20    XL:     7   Next: 20%
Magic:  6/6        EV:  8    Int:  5    God:
Gold:   126        SH:  5    Dex: 12    Spells: 6/6 levels left

rFire   . . .      SeeInvis .   a - +0 long sword
rCold   . . .      Faith    .   c - +0 buckler
rNeg    . . .      Spirit   .   m - +0 chain mail
rPois   .          Reflect  .   (helmet restricted)
rElec   .          Harm     .   (no cloak)
rCorr   .          Rampage  .   (no gloves)
Will    .....                   (no boots)
Stlth   ..........              (no amulet)
HPRegen 0.20/turn               (no ring)
MPRegen 0.10/turn               (no ring)

@: mighty
A: horns 2, retaliatory headbutt
a: no special abilities


You were on level 5 of the Dungeon.
You visited 1 branch of the dungeon, and saw 5 of its levels.

You collected 178 gold pieces.
You spent 52 gold pieces at shops.

Inventory:

Hand Weapons
 a - a +0 long sword (weapon)
Armour
 b - a +0 scale mail
 c - a +0 buckler (worn)
 m - a +0 chain mail (worn)
Jewellery
 e - a ring of wizardry
 n - a ring of ice
 o - a ring of magical power
Wands
 i - a wand of paralysis (1)
 p - a wand of iceblast (11)
Scrolls
 j - 2 scrolls of blinking
 l - 2 scrolls of identify
 q - a scroll of noise
 r - a scroll of teleportation
Potions
 f - a potion of heal wounds
 g - a potion of brilliance
 h - a potion of haste
 k - a potion of curing


   Skills:
 + Level 5.6 Fighting
 + Level 5.9 Long Blades
 + Level 5.6 Armour
 + Level 2.0 Dodging
 + Level 0.3 Stealth
 + Level 5.0 Shields


You had 6 spell levels left.
You didn't know any spells.
Your spell library contained the following spells:

 Spells                   Type           Power      Damage    Failure   Level
 Magic Dart               Conj           0%         1d3       99%         1
 Searing Ray              Conj           0%         2d4       100%        2
 Gell's Gravitas          Tloc           0%         N/A       100%        3
 Teleport Other           Tloc           0%         N/A       100%        3
 Fulminant Prism          Conj/Hex       0%         3d6       100%        4
 Dispersal                Tloc           0%         N/A       100%        6


Dungeon Overview and Level Annotations

Branches:
Dungeon (5/15)
 Temple: D:4-7

Altars:
Cheibriados
Makhleb

Shops:
D:3 ?


Innate Abilities, Weirdness & Mutations

You have a pair of horns on your head.
You reflexively headbutt those who attack you in melee.


Message History

You destroy the adder skeleton!
Found a stone staircase leading down.
A sky beast comes into view.
The sky beast flickers out of sight!
Deactivating autopickup; reactivate with Ctrl-A.
An ogre comes into view. It is wielding a +0 giant club.
The ogre shouts!
The ogre moves out of view.
Found a book of Vapours.
Found a stone staircase leading up.
You block something's attack.
You miss something. Something hits you. Something shocks you.
You barely miss something. Something hits you. Something shocks you.
You hit something. Your headbutt misses something.
Something hits you but does no damage.
You hit something but do no damage. Your headbutt misses something.
You block something's attack. Something hits you but does no damage.
You barely miss something. Your headbutt misses something.
Something hits you but does no damage. The ogre hits you with a +0 giant club!
You hit the ogre.
The ogre is lightly wounded.
Something hits you but does no damage.
You slash the ogre! You headbutt the ogre.
The ogre is heavily wounded.
The ogre hits you with a +0 giant club.
A sky beast appears from thin air!
Reactivating autopickup.
The sky beast hits you but does no damage.
You hit the ogre.
The ogre is heavily wounded.
The ogre barely misses you. The sky beast barely misses you.
You hit the ogre.
The ogre is severely wounded.
The sky beast flickers out of sight!
Deactivating autopickup; reactivate with Ctrl-A.
Something hits you but does no damage.
The ogre hits you with a +0 giant club!!
* * * LOW HITPOINT WARNING * * *
You feel very mighty all of a sudden. Something hits you but does no damage.
The ogre hits you with a +0 giant club!!
You die...

#. .. # ... ##.:.
.##... ##....
...... #.....
###..#...
>.....###......##
........#.......≈
........#@..# .
#..#.#{O..##.
..#......##....#
.........# $...<#
#..#.....##..####
#.............#
####...........
#............
###.........


You could see an ogre.

Vanquished Creatures
  Eustachio (D:4)
  A jelly (D:5)
  Natasha (thrice) (D:2)
  Jessica (D:3)
  A bullfrog skeleton (D:4)
  An iguana (D:3)
  2 orc wizards (D:4)
  Ijyb (D:3)
  Robin (D:3)
  7 adders
  An ufetubus (D:5)
  An adder skeleton (D:5)
  3 worms
  10 orcs
  4 endoplasms
  3 giant cockroaches
  17 goblins
  9 hobgoblins
  6 jackals (D:1)
  4 kobolds
  6 quokkas
  16 ball pythons
  8 bats
  4 frilled lizards
  6 rats
117 creatures vanquished.

Vanquished Creatures (others)
  4 withered plants (D:2)
4 creatures vanquished.

Grand Total: 121 creatures vanquished

Notes
Turn   | Place    | Note
-------+----------+-------------------------------------------
     0 | D:1      | Peloso the Minotaur Fighter began the quest for the Orb.
     0 | D:1      | Reached XP level 1. HP: 19/19 MP: 0/0
   108 | D:1      | Reached XP level 2. HP: 27/27 MP: 1/1
   607 | D:1      | Reached XP level 3. HP: 33/33 MP: 2/2
  1125 | D:2      | Found a faded altar of an unknown god.
  1132 | D:2      | Noticed Natasha
  1160 | D:2      | Killed Natasha
  1161 | D:2      | Reached XP level 4. HP: 17/40 MP: 3/3
  1165 | D:2      | Reached skill level 1 in Dodging
  1205 | D:2      | Noticed Natasha
  1212 | D:2      | Killed Natasha
  1238 | D:2      | Noticed Natasha
  1245 | D:2      | Killed Natasha
  1246 | D:2      | Reached XP level 5. HP: 21/47 MP: 4/4
  1888 | D:3      | Noticed Ijyb
  1889 | D:3      | Found a snail-covered altar of Cheibriados.
  1897 | D:3      | Paralysed by Ijyb for 6 turns
  1910 | D:3      | Killed Ijyb
  2018 | D:3      | Noticed Robin
  2050 | D:3      | Killed Robin
  2437 | D:3      | Reached skill level 5 in Armour
  2515 | D:3      | Reached XP level 6. HP: 39/55 MP: 5/5
  2747 | D:3      | Noticed Jessica
  2750 | D:3      | Found Xabal's Magic Scroll Boutique.
  2753 | D:3      | Killed Jessica
  2754 | D:3      | Reached skill level 5 in Fighting
  2861 | D:3      | Bought a scroll of noise for 13 gold pieces
  2861 | D:3      | Bought a scroll of teleportation for 39 gold pieces
  3462 | D:4      | Reached skill level 5 in Long Blades
  3735 | D:4      | Noticed Eustachio
  3792 | D:4      | Killed Eustachio
  3793 | D:4      | Reached skill level 5 in Shields
  3793 | D:4      | Reached XP level 7. HP: 24/61 MP: 6/6
  4637 | D:5      | Entered Level 5 of the Dungeon
  4637 | D:5      | Found a burning altar of Makhleb.
  4779 | D:5      | Slain by an ogre

Illustrated notes

Levels and vault maps discovered:
D:1:      minmay_arrival_shoal_huts, layout_loops_cross
D:2:      layout_rooms, ebering_ecumenical_altar_petrified, uniq_natasha
D:3:      layout_basic, cheibriados_altar_1, serial_shops, nicolae_shop_stone,
          uniq_jessica, uniq_robin, uniq_ijyb
D:4:      layout_basic, minmay_crossroads, uniq_eustachio
D:5:      layout_cave_pools, mainiacjoe_overflow_tiny_flanked,
          portal_sewer_entry_f, nicolae_figureground_sparkle

Skill      XL: |  1  2  3  4  5  6 |
---------------+-------------------+-----
Armour         | 4 5 |  5.6
Shields        | 4 5 |  5.0
Fighting       | 4 5 |  5.6
Long Blades    | 3 4 5 |  5.9
Dodging        | 1 2 |  2.0
Stealth        | |  0.3

Action                   |  1- 3 |  4- 6 |  7- 9 || total
-------------------------+-------+-------+-------++-------
Melee: Long sword        |   100 |   185 |    50 ||   335
       Headbutt          |     7 |    25 |     4 ||    36
  Use: Scroll            |       |     6 |       ||     6
       Potion            |       |       |     1 ||     1
Armor: Scale mail        |    75 |    40 |       ||   115
       Chain mail        |       |    85 |    28 ||   113
Dodge: Dodged            |    73 |    83 |    14 ||   170
Block: Buckler           |    28 |    45 |     9 ||    82
